AoeStats
← Random

Nomad

506269394Analyzed
4v4 RM · 20d ago on Sep 13, 2026· 24m 45s· 8 players
Game mode
Random Map
Map size
231×231
Population
200
Speed
Normal
Resources
Standard
Victory
Conquest
Starting age
Dark Age
Ending age
Imperial Age
RankedLock teamsTeams togetherTeam positionsShared explorationLock speedFull tech treeHidden civsTurbo modeCheats
Victory
Defeat
🇺🇸 Burmese · United States
1613
+14
🇲🇽 Mapuche · Mexico
1574
+15
🇭🇰 Byzantines · Hong Kong SAR China
1572
+15
🇭🇰 Chinese · Hong Kong SAR China
1555
+16
🇦🇷 Tatars · Argentina
1641
-18
🇦🇷 Magyars · Argentina
1580
-16
🇦🇷 Wei · Argentina
1579
-16
🇦🇷 Lithuanians · Argentina
1440
-10
Random
4:36 Loom
12:48 Feudal Age
18:14 Castle Age
15:56 Horse Collar
21:30 Padded Archer Armor
22:01 Gold Mining
The Lord Daniel
14:27 Feudal Age
19:23 Castle Age
17:39 Double-Bit Axe
18:36 Loom
20:00 Fletching
20:25 Bow Saw
21:14 Bodkin Arrow
23:06 Wheelbarrow
24:31 Padded Archer Armor
24:21 Town Watch
Sean
5:25 Loom
14:14 Feudal Age
17:47 Castle Age
16:30 Gold Mining
16:51 Fletching
17:26 Double-Bit Axe
17:59 Crossbowman
18:39 Bodkin Arrow
19:19 Demolition Ship
19:42 Fishing Lines
20:04 Demolition Ship
23:19 Horse Collar
LiBi
4:07 Loom
13:56 Feudal Age
14:33 Double-Bit Axe
15:40 Wheelbarrow
15:05 Fishing Lines
19:49 Castle Age
17:58 Gold Mining
20:59 Bow Saw
21:02 Medium Warships
21:34 Gillnets
22:48 Hand Cart
24:03 Stone Mining
DS_Moai
4:36 Loom
13:29 Feudal Age
14:07 Double-Bit Axe
16:57 Fletching
24:48 Castle Age
22:36 Fishing Lines
24:31 Town Watch
Cono | AdriJ
4:40 Loom
8:57 Loom
12:07 Feudal Age
18:16 Castle Age
16:57 Double-Bit Axe
18:38 Scale Barding Armor
19:11 Bow Saw
21:13 Chain Barding Armor
23:35 Horse Collar
Nos'
5:05 Loom
Joe Strummer
10:30 Loom
12:54 Feudal Age
13:47 Double-Bit Axe
13:44 Horse Collar
14:18 Gold Mining
16:13 Fishing Lines
19:35 Castle Age
18:13 Fletching
20:17 Bodkin Arrow
20:33 Bow Saw
22:09 Wheelbarrow
22:16 Husbandry
23:32 Bloodlines
24:00 Town Watch
24:17 Padded Archer Armor
Connection lost

Rejoining the realm…

Still unreachable

The connection could not be restored.

Session expired

The server has moved on; the page needs a fresh start.